 Dungeon Crawl Stone Soup version 0.16.1-30-g34a7ffa (webtiles) character file.

63 ztt the Caller (level 3, -11/28 HPs)
             Began as a Deep Elf Summoner on June 17, 2015.
             Mangled by a gnoll
             ... wielding a +1 whip of distortion
              (17 damage)
             ... on level 3 of the Dungeon.
             The game lasted 00:08:49 (2146 turns).

ztt the Caller (Deep Elf Summoner)                  Turns: 2146, Time: 00:08:50

Health: -11/28     AC: 21    Str:  5    XL:     3   Next: 87%
Magic:  2/12       EV:  2    Int: 20    God:
Gold:   103        SH:  0    Dex: 15    Spells: 3 memorised, 4 levels left

rFire  . . .     SeeInvis .     k - +0 whip
rCold  . . .     Clarity  .     a - melded +0 robe
rNeg   + + +     SustAb   .     (no shield)
rPois  +         Gourm    .     (helmet currently unavailable)
rElec  .         Spirit   .     f - melded +0 cloak
rCorr  .         Warding  .     (gloves currently unavailable)
rMut   .         NoTele   +     (boots currently unavailable)
MR     .....                    (no amulet)
Stlth  +++.......               (no ring)
                                (no ring)

@: tree-form, very slightly contaminated, invisible, not resistant to hostile
enchantments, fairly stealthy
A: no striking features
a: no special abilities


You were on level 3 of the Dungeon.
You were hungry.
You were a tree.
You visited 1 branch of the dungeon, and saw 3 of its levels.

You collected 103 gold pieces.

Inventory:

Hand weapons
 k - a +0 whip (weapon)
Armour
 a - a +0 robe (melded)
 f - a +0 cloak (melded)
Jewellery
 i - an uncursed amulet of resist corrosion {unknown}
Scrolls
 j - 2 scrolls of remove curse
 o - a scroll of fog
Potions
 p - a potion of brilliance {unknown}
Books
 b - a book of Callings

   Spells                             Type                      Level
   a - Summon Small Mammal            Summoning                    1
   b - Call Imp                       Summoning                    2
   c - Call Canine Familiar           Summoning                    3
   d - Summon Guardian Golem          Hexes/Summoning              4
   e - Summon Lightning Spire         Summoning/Air                4
   f - Summon Ice Beast               Ice/Summoning                4
Comestibles
 c - 3 bread rations
 d - 2 meat rations
 h - a royal jelly
 q - a chunk of flesh


   Skills:
 + Level 0.2 Fighting
 + Level 2.5 Dodging
 + Level 2.5 Stealth
 + Level 4.4 Spellcasting
 + Level 5.2 Summonings


You had 4 spell levels left.
You knew the following spells:

 Your Spells              Type           Power        Failure   Level  Hunger
a - Summon Small Mammal   Summ           ####         1%          1    None
b - Call Imp              Summ           ####....     2%          2    #......
c - Call Canine Familiar  Summ           ####....     6%          3    ###....


Dungeon Overview and Level Annotations

Branches:
Dungeon (3/15)

Altars:
Nemelex Xobeh
The Shining One


Message History

The creatures around you are filled with an inner flame!
The hound skeleton bites you but does no damage.
The gnoll hits you but does no damage.
The giant mite bites you but does no damage.
The gnoll hits you but does no damage. The gnoll barely misses you.
The rat barely misses you. The adder bites you but does no damage.
The hound skeleton bites you but does no damage.
Unknown command.
Unknown command.
Unknown command.
Drink which item? (? for menu, Esc to quit)
It was a potion of invisibility.
You fade into invisibility!
The gnoll hits you but does no damage. The adder bites you but does no damage.
The giant mite bites you.
* * * LOW HITPOINT WARNING * * *
The gnoll hits you but does no damage. x2
Space warps horribly around you!
Ouch! That really hurt!
You die...

...##########.......#
..........†...s.....#
####...rg......####
#.##†<.###.##.#.......
#....####..##...#####
#...######.###..##
.....
.......##g..##### ##..
......)gSs?....... #..
.......Z♣r...#### .
.......g.w##.#
........## ..#
........# #.#
........# .# .......#
....... #..... ...


You could see a worm (inner flame), 3 gnolls, an adder (inner flame), a giant
mite (inner flame), a rat (inner flame) and a hound skeleton (inner flame).

Vanquished Creatures
  A giant gecko (D:2)
  3 bats
  A giant cockroach (D:2)
  A hobgoblin (D:3)
  A quokka (D:2)
  A giant newt (D:2)
  A kobold (D:2)
  A rat (D:1)
10 creatures vanquished.

Vanquished Creatures (collateral kills)
  4 adders (D:2)
  A gnoll (D:3)
  A giant mite (D:3)
  A worm (D:2)
  An ooze (D:3)
  2 giant cockroaches
  7 goblins
  8 hobgoblins
  A quokka (D:2)
  4 bats
  4 kobolds
  4 rats
38 creatures vanquished.

Vanquished Creatures (others)
  2 hounds (D:3)
  A white imp (D:3)
  3 bats (D:1)
  5 quokkas
  3 rats
14 creatures vanquished.

Grand Total: 62 creatures vanquished

Notes
Turn   | Place    | Note
--------------------------------------------------------------
     0 | D:1      | ztt, the Deep Elf Summoner, began the quest for the Orb.
     0 | D:1      | Reached XP level 1. HP: 10/10 MP: 5/5
   594 | D:1      | Reached XP level 2. HP: 15/15 MP: 4/8
   598 | D:1      | Learned a level 2 spell: Call Imp
   879 | D:1      | Found a glowing golden altar of the Shining One.
  1482 | D:2      | Reached XP level 3. HP: 19/19 MP: 5/12
  1538 | D:2      | Learned a level 3 spell: Call Canine Familiar
  1695 | D:2      | Reached skill level 5 in Summonings
  1956 | D:2      | Found a sparkling altar of Nemelex Xobeh.
  2146 | D:3      | Mangled by a gnoll

Action                   || total
-------------------------++-------
Melee: Whip              ||    19
       Dagger            ||     7
 Cast: Summon Small Mamm ||    32
       Call Imp          ||    10
       Call Canine Famil ||     9
  Use: Scroll            ||     7
       Potion            ||     2
  Eat: Chunk             ||     4
